Kradschützen Motorcycle Team
Construct Light Support Kompanie
Selects Battlefield Espionage Battlegroup
Selects Intel Disruption Beacon
Panzerjäger Mechanized Group
Selects 250/3 Funkpanzerwagen
Pak 38 Anti-tank Gun Team
Construct Panzerarmee Kommand
Selects Advanced Ambush Training
Selects Disruption Operation
Pak 38 Anti-tank Gun Team
Selects Operation Skorpion
Walking Stuka Rocket Launcher
Pak 38 Anti-tank Gun Team